 Dungeon Crawl Stone Soup version 0.17-a0-1921-g56e792d (webtiles) character file.

50 Eldritch the Ruffian (level 3, -18/28 HPs)
             Began as a Draconian Transmuter on Sept 27, 2015.
             Demolished by an ogre
             ... wielding a +0 giant club
              (21 damage)
             ... on level 3 of the Dungeon.
             The game lasted 00:04:37 (2188 turns).

Eldritch the Ruffian (Draconian Transmuter)         Turns: 2188, Time: 00:04:37

Health: -18/28     AC:  5    Str: 12    XL:     3   Next: 55%
Magic:  2/6        EV: 12    Int: 14    God:
Gold:   141        SH:  0    Dex: 11    Spells: 2 memorised, 3 levels left

rFire  . . .     SeeInvis .       - Unarmed
rCold  . . .     Clarity  .     (armour unavailable)
rNeg   . . .     SustAt   .     (no shield)
rPois  .         Gourm    .     (helmet restricted)
rElec  .         Spirit   .     (no cloak)
rCorr  .         Warding  .     (no gloves)
rMut   .         Stasis   .     (no boots)
MR     .....                    (no amulet)
Stlth  +.........               (no ring)
                                (no ring)

@: very slightly contaminated, not resistant to hostile enchantments, very
unstealthy
A: unfitting armour, cold-blooded, AC +5
a: no special abilities


You were on level 3 of the Dungeon.
You were not hungry.

You visited 1 branch of the dungeon, and saw 3 of its levels.

You collected 141 gold pieces.

Inventory:

Missiles
 a - 28 arrows
Armour
 e - a +0 large shield
Scrolls
 h - a scroll of enchant armour {unknown}
 i - a scroll of remove curse {unknown}
 m - 3 scrolls of identify {unknown}
 o - a scroll of teleportation {unknown}
 p - a scroll of fear {unknown}
Potions
 f - a potion of agility {unknown}
 g - a potion of ambrosia {unknown}
 j - 2 potions of degeneration {unknown}
 k - 2 potions of curing {unknown}
 l - a potion of experience {unknown}
Books
 b - a book of Changes

   Spells                             Type                      Level
   a - Beastly Appendage              Transmutation                1
   b - Sticks to Snakes               Transmutation                2
   c - Spider Form                    Transmutation/Poison         3
   d - Ice Form                       Ice/Transmutation            4
   e - Blade Hands                    Transmutation                5
Comestibles
 c - 3 bread rations
 n - a meat ration


   Skills:
 + Level 1.2 Fighting
 + Level 2.3 Dodging
 + Level 0.2 Stealth
 + Level 3.7 Unarmed Combat
 + Level 2.2 Spellcasting
 + Level 2.3 Transmutations


You had 3 spell levels left.
You knew the following spells:

 Your Spells              Type           Power        Failure   Level  Hunger
a - Beastly Appendage     Trmt           #.....       12%         1    #......
b - Sticks to Snakes      Trmt           #.........   17%         2    ###....


Dungeon Overview and Level Annotations

Branches:
Dungeon (3/15)

Altars:
Zin

Shops:
D:2 *


Innate Abilities, Weirdness & Mutations

Your plain brown scales are hard (AC +5).
Your body does not fit into most forms of armour.
You are cold-blooded and may be slowed by cold attacks.


Message History

The ogre hits you but does no damage.
You closely miss the ogre. You claw the ogre.
The ogre is heavily wounded.
The ogre closely misses you.
Drink which item? (? for menu, Esc to quit)
Okay, then.
Read which item? (? for menu, Esc to quit)
As you read the scroll labeled TETHINO DIWN, it crumbles to dust.
The scroll dissolves into smoke.
It was a scroll of fog.
You hit the ogre. You tail-slap the ogre.
The ogre is severely wounded.
The ogre hits you with a giant club!
Ouch! That really hurt!
* * * LOW HITPOINT WARNING * * *
You are too injured to fight recklessly!
You are too injured to fight recklessly!
Your talons disappear.
The ogre hits you with a giant club!!
Ouch! That really hurt!
You die...

... ..........# ...
#.#######.# #.# ##.# #..#
#.## #.#
########.##########
#.......@.........#
#.####.O......###.#
#.####...##...###.#
#.##............#.#####
#.##.#§§§##...#.......# .#
#....§§§§##.......#.#.# .#
#.....§§§.....##.#....# .#
#..#.##.########......###
.#
###..#.......#####.#.......


You could see an ogre.

Vanquished Creatures
  3 giant geckos
  4 bats
  A giant cockroach (D:3)
  4 hobgoblins
  5 kobolds
  2 giant newts
  9 goblins
  8 jackals
  5 rats
41 creatures vanquished.

Vanquished Creatures (collateral kills)
  3 jackals (D:3)
  2 kobolds
5 creatures vanquished.

Grand Total: 46 creatures vanquished

Notes
Turn   | Place    | Note
--------------------------------------------------------------
     0 | D:1      | Eldritch the Draconian Transmuter began the quest for the Orb.
     0 | D:1      | Reached XP level 1. HP: 16/16 MP: 3/3
   398 | D:1      | Reached XP level 2. HP: 20/23 MP: 3/5
   405 | D:1      | Learned a level 2 spell: Sticks to Snakes
  1279 | D:2      | Reached XP level 3. HP: 28/28 MP: 4/6
  1409 | D:2      | Found Zin's Purification Station.
  1415 | D:2      | Found a glowing silver altar of Zin.
  2168 | D:3      | Noticed an ogre
  2188 | D:3      | Demolished by an ogre

Vault maps used:
D:1:      minmay_arrival_wavy_path
D:2:      zin_purify, minmay_fountain_box
D:3:      minitemple, first_bread, minivault_25, st_stairs_2,
          small_statue_alley_b

Action                   || total
-------------------------++-------
Melee: Unarmed           ||   188
 Cast: Beastly Appendage ||     9
       Sticks to Snakes  ||     8
  Use: Scroll            ||     1
 Stab: Sleeping          ||     1
  Eat: Chunk             ||     2
       Bread ration      ||     1
